 Dungeon Crawl Stone Soup version 0.16.2-12-gd0ad4c3 (webtiles) character file.

32 pigpen the Grave Robber (level 3, -2/24 HPs)
             Began as a Vampire Necromancer on Oct 3, 2015.
             Slain by an adder (3 damage)
             ... on level 2 of the Dungeon.
             The game lasted 00:09:02 (1691 turns).

pigpen the Grave Robber (Vampire Necromancer)       Turns: 1691, Time: 00:09:02

Health: -2/24      AC:  2    Str:  7    XL:     3   Next: 10%
Magic:  6/6        EV: 12    Int: 18    God:
Gold:   20         SH:  0    Dex: 14    Spells: 2 memorised, 4 levels left

rFire  . . .     SeeInvis +     k - -3 mace (curse)
rCold  . . .     Clarity  .     a - +0 robe
rNeg   + . .     SustAb   .     (no shield)
rPois  .         Gourm    .     (no helmet)
rElec  .         Spirit   .     (no cloak)
rCorr  .         Warding  .     (no gloves)
rMut   .         Stasis   .     (no boots)
MR     .....                    (no amulet)
Stlth  +++.......               (no ring)
                                (no ring)

@: lethally poisoned (-2 -> -9), not resistant to hostile enchantments, fairly
stealthy
A: bottle blood, fangs 3, see invisible, unbreathing
a: Bat Form


You were on level 2 of the Dungeon.
You were not thirsty.

You visited 1 branch of the dungeon, and saw 2 of its levels.

You collected 20 gold pieces.

Inventory:

Hand weapons
 f - a +0 club
 i - a +0 dagger
 k - a cursed -3 mace (weapon)
 r - a +0 short sword
Missiles
 j - 23 arrows (quivered)
Armour
 a - a +0 robe (worn)
Magical devices
 s - a wand of flame (13)
 v - a wand of flame (34)
Scrolls
 m - a scroll of fear {unknown}
 n - a scroll of blinking {unknown}
 o - 3 scrolls of identify {unknown}
 p - a scroll of amnesia {unknown}
 q - 3 scrolls of recharging {unknown}
Potions
 c - 8 potions of blood
 d - 2 potions of restore abilities {unknown}
 e - a potion of lignification {unknown}
 h - a potion of invisibility {unknown}
 l - a potion of mutation {unknown}
 t - a potion of curing {unknown}
Books
 b - a book of Necromancy

   Spells                             Type                      Level
   a - Pain                           Necromancy                   1
   b - Animate Skeleton               Necromancy                   1
   c - Vampiric Draining              Necromancy                   3
   d - Regeneration                   Charms/Necromancy            3
   e - Animate Dead                   Necromancy                   4
   f - Control Undead                 Necromancy                   4
Comestibles
 g - a fruit
 u - a beef jerky


   Skills:
 + Level 0.1 Fighting
 - Level 2.1 Dodging
 * Level 3.8 Stealth
 + Level 2.1 Spellcasting
 + Level 5.1 Necromancy


You had 4 spell levels left.
You knew the following spells:

 Your Spells              Type           Power        Failure   Level  Hunger
a - Pain                  Necr           ###.         1%          1    #......
b - Animate Skeleton      Necr           N/A          1%          1    #......


Dungeon Overview and Level Annotations

Branches:
Dungeon (2/15)

Altars:


Innate Abilities, Weirdness & Mutations

You can bottle blood from corpses.
You have razor-sharp teeth.
You have supernaturally acute eyesight.
You can survive without breathing.


Message History

You hit the adder but do no damage.
The adder is heavily wounded.
The adder misses you. x2
You hit the adder.
The adder is severely wounded.
You feel sick. The adder bites you.
* * * LOW HITPOINT WARNING * * *
You are lethally poisoned!
The adder poisons you!
You miss the adder.
The adder is severely wounded.
* * * LOW HITPOINT WARNING * * *
You feel sick. The adder bites you.
* * * LOW HITPOINT WARNING * * *
The adder barely misses you.
You miss the adder.
The adder is severely wounded.
* * * LOW HITPOINT WARNING * * *
You feel sick. The adder bites you.
You die...

... #.###........#
#.# #.....##.....#
#.###...####.....#
............#.....#
##≈..≈###..#.....#
..#≈≈#...#.#.....#
⌠ #≈≈#.⌠.#.......#
#≈ #...#..#...## ≈
≈≈###..###@S# ≈≈≈
....# #.## ≈≈≈....#
#.# ≈###..# #.#
.#.# #.# ⌠.#.# #.#
#.# #.# ..# .##


You could see an adder.

Vanquished Creatures
  4 giant cockroaches (D:1)
  8 goblins
  5 hobgoblins (D:1)
  4 bats (D:1)
  3 giant newts (D:1)
  3 kobolds (D:1)
  3 rats (D:1)
30 creatures vanquished.

Notes
Turn   | Place    | Note
--------------------------------------------------------------
     0 | D:1      | pigpen, the Vampire Necromancer, began the quest for the Orb.
     0 | D:1      | Reached XP level 1. HP: 13/13 MP: 3/3
   364 | D:1      | Reached XP level 2. HP: 11/19 MP: 0/4
   793 | D:1      | Learned a level 1 spell: Animate Skeleton
  1029 | D:1      | Reached skill level 5 in Necromancy
  1420 | D:1      | Reached XP level 3. HP: 18/24 MP: 1/6
  1690 | D:2      | HP: 1/24 [adder (3)]
  1691 | D:2      | Slain by an adder

Action                   || total
-------------------------++-------
Melee: Unarmed           ||     8
       Mace              ||    14
 Cast: Pain              ||    36
  Use: Potion            ||     2
